 Dungeon Crawl Stone Soup version 0.29.1-1-gd02db6906a (webtiles) character file.

Game seed: 18187373090691362354

27795 sizableburger the Martial Artist (level 13, -1/101 HPs)
             Began as a Human Monk on Sept 30, 2022.
             Was a High Priest of Zin.
             Slain by a death yak (8 damage)
             ... on level 4 of the Lair of Beasts on Oct 4, 2022.
             The game lasted 00:59:23 (24107 turns).

sizableburger the Martial Artist (Human Monk)      Turns: 24107, Time: 00:59:23

Health: -1/101     AC: 22    Str: 15    XL:     13   Next: 68%
Magic:  20/20      EV: 13    Int: 10    God:    Zin [*****.]
Gold:   766        SH:  0    Dex: 18    Spells: 17/20 levels left

rFire   . . .      SeeInvis +     - Unarmed
rCold   . . .      Faith    .   (no shield)
rNeg    . . .      Spirit   .   M - +0 chain mail
rPois   .          Reflect  .   o - +0 hat
rElec   .          Harm     .   G - +0 cloak
rCorr   +          Rampage  .   p - +0 pair of gloves
Will    .....                   d - +4 pair of boots "Neter" {rCorr SInv}
Stlth   ..........              e - amulet of magic regeneration
HPRegen 0.26/turn               y - +4 ring of evasion
MPRegen 0.57/turn               r - +4 ring of protection

@: mighty
A: no striking features
a: Renounce Religion, Recite, Vitalisation, Imprison, Sanctuary, Donate Gold


You were on level 4 of the Lair of Beasts.
You worshipped Zin.
Zin was extremely pleased with you.
You visited 3 branches of the dungeon, and saw 15 of its levels.

You collected 851 gold pieces.
You donated 85 gold pieces to Zin.

Inventory:

Missiles
 g - 3 boomerangs
 h - 22 poisoned darts (quivered)
 J - 4 atropa-tipped darts
 K - a curare-tipped dart
Armour
 d - the +4 pair of boots "Neter" (worn) {rCorr SInv}
   (You found it on level 4 of the Dungeon)

   SInv:      It lets you see invisible.
   rCorr:     It protects you from acid and corrosion.
 o - a +0 hat (worn)
 p - a +0 pair of gloves (worn)
 G - a +0 cloak (worn)
 M - a +0 chain mail (worn)
Jewellery
 e - an amulet of magic regeneration (around neck)
 k - a +6 ring of strength
 r - a +4 ring of protection (right hand)
 v - a ring of ice
 y - a +4 ring of evasion (left hand)
 D - a ring of willpower
Wands
 f - a wand of iceblast (5)
 i - a wand of mindburst (16)
 m - a wand of quicksilver (6)
 A - a wand of charming (22)
 E - a wand of flame (18)
Scrolls
 n - 2 scrolls of identify
 s - a scroll of teleportation
 t - a scroll of enchant weapon
 B - 5 scrolls of vulnerability
 F - 2 scrolls of amnesia
 H - 2 scrolls of fog
 L - 2 scrolls of fear
Potions
 a - 2 potions of magic
 b - a potion of ambrosia
 c - 2 potions of attraction
 j - 5 potions of flight
 l - 3 potions of haste
 q - 3 potions of mutation
 w - 5 potions of might
 z - 5 potions of curing
 O - a potion of brilliance


   Skills:
 - Level 9.0 Fighting
 - Level 6.0 Throwing
 + Level 7.1 Armour
 - Level 5.5 Dodging
 - Level 2.5 Stealth
 - Level 12.2 Unarmed Combat
 + Level 4.1 Spellcasting
 + Level 4.6 Air Magic
 - Level 10.3 Invocations
 + Level 6.9 Evocations


You had 17 spell levels left.
You knew the following spells:

 Your Spells              Type           Power      Damage    Failure   Level
a - Swiftness             Air            11%        N/A       86%         3

Your spell library contained the following spells:

 Spells                   Type           Power      Damage    Failure   Level
 Shock                    Conj/Air       24%        1d4       82%         1
 Beastly Appendage        Tmut           4%         N/A       98%         1
 Foxfire                  Conj/Fire      8%         2x1d4     98%         1
 Sublimation of Blood     Necr           2%         N/A       99%         2
 Wereblood                Tmut           2%         N/A       99%         2
 Mephitic Cloud           Conj/Pois/Air  5%         N/A       99%         3
 Airstrike                Air            5%         2d(1-17)  99%         4
 Conjure Flame            Conj/Fire      2%         6-21      100%        3
 Ignite Poison            Fire/Tmut/Pois 2%         N/A       100%        3
 Inner Flame              Hex/Fire       2%         N/A       100%        3
 Ozocubu's Armour         Ice            2%         N/A       100%        3
 Spider Form              Tmut/Pois      2%         N/A       100%        3
 Flame Wave               Conj/Fire      2%         2d4       100%        4
 Petrify                  Tmut/Erth      2%         N/A       100%        4
 Sticky Flame             Conj/Fire      2%         2d3       100%        4
 Freezing Cloud           Conj/Ice/Air   2%         6-21      100%        5
 Irradiate                Conj/Tmut      1%         3d12      100%        5
 Iskenderun's Battlesphe  Conj           2%         2d6       100%        5
 Iron Shot                Conj/Erth      1%         9d1       100%        6
 Ozocubu's Refrigeration  Ice            1%         4d7       100%        7
 Spellforged Servitor     Conj/Summ      1%         N/A       100%        7


Dungeon Overview and Level Annotations

Branches:
Dungeon (10/15)            Temple (1/1) D:4            Lair (4/5) D:8
  Swamp (0/4) Lair:2        Snake (0/4) Lair:3        Slime (0/5) Lair:4
    Orc: D:9-12

Altars:
Ashenzari
Cheibriados
Dithmenos
Elyvilon
Fedhas
Gozag
Hepliaklqana
Kikubaaqudgha
Makhleb
Nemelex Xobeh
Okawaru
Qazlal
Ru
Sif Muna
Trog
Uskayaw
Vehumet
Wu Jian
Xom
Yredelemnul
Zin
The Shining One
Jiyva

Shops:
D:3 *   D:7 :

Annotations:
Lair:2 3 runed translucent doors, Godmorgon's ghost, journeyman DjIE


Message History

You feel very mighty all of a sudden. The death yak gores you!
You barely miss the death yak.
The death yak is severely wounded.
You hit the death yak.
The death yak is severely wounded.
The death yak gores you!
You hit the death yak.
The death yak is almost dead.
The death yak gores you but does no damage.
You pummel the death yak!!
You kill the death yak!
You punch the death yak!
The death yak is lightly wounded.
The death yak barely misses you.
You punch the death yak! Your punch misses the death yak.
The death yak is moderately wounded.
You punch the death yak!
The death yak is moderately wounded.
The death yak gores you.
You punch the death yak!
The death yak is heavily wounded.
The death yak gores you!
* * * LOW HITPOINT WARNING * * *
You hit the death yak.
The death yak is heavily wounded.
The death yak barely misses you.
You punch the death yak!
The death yak is almost dead.
You hit the death yak.
The death yak is almost dead.
The death yak barely misses you.
You hit the death yak.
The death yak is almost dead.
The death yak gores you!
* * * LOW HITPOINT WARNING * * *
You hit the death yak.
The death yak is almost dead.
The death yak gores you!
You die...

### #############.####
.##...#PP#.###.#@#
#..............Y###### ##
#..................#P##.#
.......................#
.......................##
##......................#
#......................##
#...............##...P##
##...............##..##


You could see a death yak.

Vanquished Creatures
  Fannar (Lair:1)
  2 hydras
  4 death yaks
  A two-headed ogre (D:10)
  A fire crab (Lair:4)
  A cyclops (D:9)
  Joseph (D:8)
  A black mamba (Lair:4)
  5 elephants
  7 torpor snails
  Maggie (Lair:2)
  2 rime drakes (Lair:3)
  5 komodo dragons
  4 cane toads
  3 kobold demonologists (D:10)
  2 polar bears
  A troll (D:10)
  13 blink frogs
  Sigmund (D:3)
  4 humans (D:8)
  19 yaks
  5 wyverns
  3 steam dragons
  2 nagas (Lair:3)
  An acid dragon (D:8)
  4 water moccasins
  5 orc warriors
  2 ice beasts (D:7)
  3 ogres
  8 wolves (Lair:2)
  2 centaurs
  6 kobold brigands
  6 bullfrogs
  A gnoll sergeant (D:5)
  A scorpion (D:4)
  2 necrophages
  7 wights
  14 killer bees
  5 howler monkeys
  6 electric eels
  4 quasits (D:5)
  3 hounds
  5 orc priests
  4 jellies
  A gnoll bouda (D:3)
  4 iguanas
  14 orc wizards
  13 gnolls
  11 adders
  6 shadow imps
  A white imp (D:5)
  6 ufetubi
  A worm (D:2)
  2 dart slugs
  48 orcs
  8 ball pythons
  8 endoplasms
  3 giant cockroaches
  10 goblins
  4 hobgoblins
  11 jackals
  30 kobolds
  7 quokkas
  6 bats
  7 frilled lizards
  8 rats
387 creatures vanquished.

Vanquished Creatures (others)
  An ufetubus (D:5)
  30 fungi
  41 plants
72 creatures vanquished.

Grand Total: 459 creatures vanquished

Notes
Turn   | Place    | Note
-------+----------+-------------------------------------------
     0 | D:1      | sizableburger the Human Monk began the quest for the Orb.
     0 | D:1      | Reached XP level 1. HP: 18/18 MP: 1/1
   411 | D:1      | Reached XP level 2. HP: 4/24 MP: 2/2
  1027 | D:1      | Reached XP level 3. HP: 29/29 MP: 3/3
  1065 | D:1      | You fall into a shaft and drop 1 floor!
  1600 | D:2      | Reached XP level 4. HP: 26/37 MP: 4/4
  1812 | D:2      | Reached skill level 4 in Unarmed Combat
  3107 | D:3      | Reached XP level 5. HP: 42/42 MP: 5/5
  3220 | D:3      | Found Woleowant's Assorted Antiques.
  3234 | D:4      | Identified the +4 pair of boots "Neter" {rCorr SInv}
  3451 | D:3      | Reached XP level 6. HP: 40/50 MP: 6/6
  3680 | D:3      | Noticed Sigmund
  3825 | D:3      | Reached skill level 5 in Unarmed Combat
  3988 | D:3      | Reached skill level 5 in Fighting
  4078 | D:3      | Killed Sigmund
  4079 | D:3      | Reached XP level 7. HP: 54/56 MP: 7/7
  4334 | D:3      | Reached skill level 6 in Unarmed Combat
  4558 | D:4      | Found a staircase to the Ecumenical Temple.
  4566 | Temple   | Entered the Ecumenical Temple
  5430 | D:3      | Reached skill level 7 in Unarmed Combat
  5435 | D:3      | Reached XP level 8. HP: 53/64 MP: 8/8
  5547 | D:4      | Found a glowing silver altar of Zin.
  5582 | D:4      | Became a worshipper of Zin the Law-Giver
  5582 | D:4      | Reached * piety under Zin
  5582 | D:4      | Reached ** piety under Zin
  5974 | D:5      | Entered Level 5 of the Dungeon
  5983 | D:4      | Reached skill level 1 in Invocations
  6669 | D:5      | Reached skill level 8 in Unarmed Combat
  6747 | D:5      | Reached *** piety under Zin
  6751 | D:5      | Found a large runed translucent door.
  6751 | D:5      | Found a large runed translucent door.
  6857 | D:5      | Identified the +0 robe of the Three Hurting Orbs {rElec
                  | rN+}
  6896 | D:5      | Reached skill level 1 in Armour
  7205 | D:5      | Reached XP level 9. HP: 53/69 MP: 12/12
  7434 | D:5      | Found a white marble altar of Elyvilon.
  7444 | D:5      | Found a shimmering altar of Xom.
  7515 | D:6      | Found a sparkling altar of Nemelex Xobeh.
  7546 | D:6      | Found a hide-covered altar of Uskayaw.
  8161 | D:7      | Reached skill level 5 in Invocations
  8369 | D:7      | Found an ancient bone altar of Kikubaaqudgha.
  8479 | D:7      | Found an ornate altar of the Wu Jian Council.
  8652 | D:7      | Reached skill level 9 in Unarmed Combat
  8828 | D:7      | Reached **** piety under Zin
  8964 | D:7      | Found Yresia's Vocational Training.
  9119 | D:8      | Reached ***** piety under Zin
  9398 | D:8      | Reached XP level 10. HP: 54/79 MP: 14/14
  9768 | D:8      | Noticed Joseph
  9786 | D:8      | Killed Joseph
  9787 | D:8      | Reached skill level 5 in Dodging
  9880 | D:8      | Found a staircase to the Lair.
  9882 | D:8      | Noticed a komodo dragon
  9916 | D:8      | Killed a komodo dragon
 11070 | Lair:1   | Entered Level 1 of the Lair of Beasts
 11473 | D:9      | Reached skill level 1 in Throwing
 11976 | D:9      | Noticed a cyclops
 12117 | D:9      | Reached XP level 11. HP: 28/86 MP: 17/17
 12663 | D:9      | Killed a cyclops
 12664 | D:9      | Reached skill level 10 in Unarmed Combat
 12858 | D:9      | Found a hazy altar of Hepliaklqana.
 12983 | D:10     | Entered Level 10 of the Dungeon
 13340 | D:10     | Found a sacrificial altar of Ru.
 13523 | D:10     | Noticed a soul eater
 14014 | D:10     | Found a shimmering blue altar of Sif Muna.
 14164 | D:10     | Noticed a two-headed ogre
 14181 | D:10     | Killed a two-headed ogre
 14182 | D:10     | Reached skill level 5 in Throwing
 14712 | Lair:1   | Noticed Fannar
 14745 | Lair:1   | Killed Fannar
 14960 | Lair:1   | Noticed a six-headed hydra
 14972 | Lair:1   | Killed a six-headed hydra
 14973 | Lair:1   | Reached skill level 11 in Unarmed Combat
 14973 | Lair:1   | Reached skill level 10 in Invocations
 15618 | Lair:2   | Noticed an eight-headed hydra
 15618 | Lair:2   | Found a runed translucent gate.
 15618 | Lair:2   | Found a runed translucent gate.
 16021 | Lair:2   | Reached XP level 12. HP: 92/92 MP: 19/19
 16131 | Lair:2   | Found a runed translucent gate.
 16175 | Lair:1   | Reached skill level 1 in Evocations
 16896 | Lair:2   | Reached skill level 5 in Armour
 17637 | Lair:2   | Noticed Maggie
 17655 | Lair:2   | Killed Maggie
 18077 | Lair:2   | Reached skill level 12 in Unarmed Combat
 18447 | Lair:2   | Noticed Godmorgon's ghost (journeyman DjIE)
 18447 | Lair:2   | Noticed a minotaur
 19016 | Lair:2   | Found a staircase to the Swamp.
 19636 | Lair:2   | Identified the +1 robe of the Loofah {Harm +Blink rF-
                  | Dex+4}
 19880 | Lair:3   | Learned a level 3 spell: Swiftness
 19909 | Lair:3   | Found a staircase to the Snake Pit.
 19919 | Lair:3   | Reached skill level 5 in Evocations
 19967 | Lair:3   | Reached skill level 1 in Air Magic
 20207 | Lair:3   | Identified the +10 rapier of the Sky {vorpal, *Slow Str+4
                  | Int+3}
 20331 | Lair:3   | Reached skill level 1 in Spellcasting
 20453 | Lair:3   | Reached XP level 13. HP: 88/99 MP: 20/20
 20562 | Lair:3   | Found a snail-covered altar of Cheibriados.
 20852 | Lair:3   | Found a radiant altar of Vehumet.
 23295 | Lair:4   | Noticed a seven-headed hydra
 23307 | Lair:4   | Killed a seven-headed hydra
 23366 | Lair:4   | Found a viscous altar of Jiyva.
 23366 | Lair:4   | Found a staircase to the Slime Pits.
 24107 | Lair:4   | Slain by a death yak

Illustrated notes

Levels and vault maps discovered:
D:1:      amcnicky_arrival_flooded_fountain, layout_basic,
          roderic_serpentine_path, minmay_octomino_e4
D:2:      minmay_spotlight, layout_rooms
D:3:      layout_basic, serial_shops, shop, uniq_sigmund
D:4:      layout_layer_cave, old_standard_altar, minmay_temple_entry_junction
D:5:      layout_cave_pools, jmf_multi_god_temple2, serial_demonic,
          serial_demonic_a, serial_demonic_a, serial_demonic_b, serial_demonic_f
D:6:      layout_cave_pools, nemelex_spade_bored_becter,
          nicolae_uskayaw_dance_hall
D:7:      layout_basic, pdpol_wu_jian_five_deadly_venoms,
          nicolae_kikubaaqudgha_miasma_corner, nicolae_shop_vocational
D:8:      layout_loops_ring, david_lair_shrubbed, nicolae_zen_rock_garden,
          minmay_ruffians, uniq_joseph
D:9:      layout_basic, nzn_hepliaklqana_mist_gate, special_room
          [special_room_orc]
D:10:     layout_gridville, nicolae_overflow_crystal_walls,
          kennysheep_orc_sif_temple
Temple:   hellmonk_temple_flake
Lair:1:   layout_regular_city, uniq_fannar
Lair:2:   layout_misc_corridors, minmay_swamp_entry_eels,
          maelrawn_ghost_gauntlet_escape, uniq_maggie
Lair:3:   layout_gridlike, guppyfry_snake_entry_island, basic_altar,
          kennysheep_snail_temple, lemuel_fruit_tree
Lair:4:   layout_gridlike, nicolae_slime_entry_slimehenge, basic_altar,
          ldierk_geyser, lemuel_fruit_fields

Skill      XL: |  1  2  3  4  5  6  7  8  9 10 11 12 13 |
---------------+----------------------------------------+-----
Fighting       | 4 5 6 7 8 9 |  9.0
Unarmed Combat | 4 5 7 8 9 11 12 | 12.2
Invocations    | 4 6 8 10 | 10.3
Armour         | 2 3 6 7 |  7.1
Dodging        | 4 5 |  5.5
Throwing       | 2 5 6 |  6.0
Evocations     | 5 6 |  6.9
Air Magic      | 1 4 |  4.6
Spellcasting   | 1 4 |  4.1
Stealth        | |  2.5

Action                   |  1- 3 |  4- 6 |  7- 9 | 10-12 | 13-15 || total
-------------------------+-------+-------+-------+-------+-------++-------
Melee: Unarmed           |   139 |   196 |   490 |   924 |   300 ||  2049
       Punch             |     1 |     4 |    29 |    68 |    33 ||   135
Throw: Dart              |       |     5 |    15 |    66 |    20 ||   106
       Boomerang         |       |       |       |    41 |     6 ||    47
Invok: Recite            |       |       |     8 |    18 |       ||    26
       Vitalisation      |       |       |       |     4 |       ||     4
Evoke: Wand              |       |       |       |     4 |     4 ||     8
  Use: Scroll            |       |     8 |     9 |     8 |     1 ||    26
       Potion            |       |     1 |       |     9 |     5 ||    15
 Stab: Sleeping          |     3 |     4 |     2 |       |       ||     9
       Confused          |       |       |     4 |    11 |       ||    15
       Invisible         |       |       |     5 |       |       ||     5
       Paralysed         |       |       |       |     7 |       ||     7
Armor: Robe              |    33 |    16 |       |       |       ||    49
       Ring mail         |       |    38 |   192 |   250 |       ||   480
       Chain mail        |       |       |       |    98 |   146 ||   244
       Steam dragon scal |       |       |       |     1 |       ||     1
Dodge: Dodged            |   102 |   118 |   404 |   683 |   146 ||  1453
